 Dungeon Crawl Stone Soup version 0.29.1-2-gbd0b4ee654 (webtiles) character file.

Game seed: 12195975569608860108

19751 DildoBatman the Geomancer (level 13, -3/81 (82) HPs)
             Began as a Formicid Conjurer on Nov 11, 2022.
             Was an Initiate of Gozag.
             Slain by a freezing wraith (6 damage)
             ... on level 12 of the Dungeon.
             The game lasted 00:50:23 (12557 turns).

DildoBatman the Geomancer (Formicid Conjurer)      Turns: 12557, Time: 00:50:23

HP:   -3/81 (82)    AC: 16    Str: 12    XL:     13   Next: 7%
MP:   1/23          EV: 13    Int: 19    God:    Gozag
Gold: 993           SH: 13    Dex: 25    Spells: 11/26 levels left

rFire   . . .      SeeInvis +   a - +7 short sword "Ukhlu" {flame, Dex+3}
rCold   . . .      Faith    +   Y - +0 kite shield
rNeg    . . .      Spirit   .   o - +2 troll leather armour
rPois   .          Reflect  .   (helmet unavailable)
rElec   .          Harm     .   X - +0 cloak {Stlth+}
rCorr   .          Rampage  .   N - +0 pair of gloves
Will    +....                   Z - +2 pair of boots
Stlth   ++++......              g - amulet of faith
HPRegen 1.03/turn               e - +6 ring of dexterity
MPRegen 0.18/turn               W - +4 ring of protection

@: lightly drained
A: permanent stasis, dig shafts and tunnels, antennae 3, four strong arms, frail
1
a: Dig, Shaft Self, Renounce Religion, Potion Petition, Call Merchant, Bribe
Branch


You were on level 12 of the Dungeon.
You worshipped Gozag.
Gozag was pleased with you.
You visited 3 branches of the dungeon, and saw 15 of its levels.
You also visited: Ossuary.

You collected 1643 gold pieces.
You spent 156 gold pieces at shops.
You paid 494 gold pieces to Gozag.

Inventory:

Hand Weapons
 a - the +7 short sword "Ukhlu" (weapon) {flame, Dex+3}
   (You found it on level 3 of the Dungeon)

   It burns those it strikes, dealing additional fire damage.
   Dex:       It affects your dexterity (+3).
 c - a +0 sling
 S - a +6 spear of flaming
Missiles
 i - 10 boomerangs
 r - 6 poisoned darts
 K - 121 stones
 R - 3 throwing nets
Armour
 o - a +2 troll leather armour (worn)
 N - a +0 pair of gloves (worn)
 X - a +0 cloak of stealth (worn)
 Y - a +0 kite shield (worn)
 Z - a +2 pair of boots (worn)
Magical Staves
 b - a staff of death
Jewellery
 e - a +6 ring of dexterity (left hand)
 g - an amulet of faith (around neck)
 G - a +6 ring of intelligence
 L - a ring of ice
 P - an amulet of the acrobat
 Q - a ring of fire
 W - a +4 ring of protection (right hand)
Wands
 d - a wand of mindburst (4)
 k - a wand of flame (59)
 y - a wand of roots (17)
 U - a wand of light (13)
Scrolls
 f - a scroll of noise {unknown}
 u - 2 scrolls of amnesia {unknown}
 v - 2 scrolls of immolation
 z - a scroll of identify
 A - 3 scrolls of fear {unknown}
 B - 3 scrolls of summoning
 D - 2 scrolls of enchant weapon {unknown}
 E - 2 scrolls of poison
 H - 2 scrolls of butterflies {unknown}
 J - a scroll of magic mapping {unknown}
 O - 2 scrolls of brand weapon {unknown}
 T - a scroll of silence {unknown}
Potions
 h - 3 potions of berserk rage {unknown}
 j - 6 potions of curing
 l - 2 potions of heal wounds
 p - 3 potions of attraction {unknown}
 q - a potion of brilliance {unknown}
 s - a potion of lignification {unknown}
 t - a potion of magic
 w - 2 potions of flight {unknown}
 C - 2 potions of haste {unknown}
 F - 2 potions of invisibility {unknown}
 I - 2 potions of might {unknown}
 V - a potion of ambrosia {unknown}


   Skills:
 * Level 5.4 Fighting
 - Level 2.0 Short Blades
 * Level 5.4 Armour
 * Level 3.4 Dodging
 - Level 2.4 Stealth
 - Level 9.0 Shields
 * Level 7.2 Spellcasting
 - Level 6.0 Conjurations
 - Level 12.0 Necromancy
 - Level 12.0 Earth Magic


You had 11 spell levels left.
You knew the following spells:

 Your Spells              Type           Power      Damage    Failure   Level
a - Borgnjor's Vile Clut  Necr/Erth      25%        N/A       4%          5
c - Searing Ray           Conj           58%        2d6       3%          2
d - Vampiric Draining     Necr           51%        2d9       1%          3
e - Magic Dart            Conj           100%       1d8       1%          1
h - Dispel Undead         Necr           51%        3d19      1%          4

Your spell library contained the following spells:

 Spells                   Type           Power      Damage    Failure   Level
 Necrotise                Necr           100%       1d9       1%          1
 Agony                    Necr           51%        N/A       4%          5
 Anguish                  Hex/Necr       14%        N/A       21%         4
 Leda's Liquefaction      Hex/Erth       14%        N/A       21%         4
 Dazzling Flash           Conj/Hex       36%        N/A       22%         3
 Death Channel            Necr           25%        N/A       26%         6
 Fulminant Prism          Conj/Hex       9%         3d7       56%         4
 Iskenderun's Mystic Bla  Conj/Tloc      18%        2d6       56%         4
 Call Canine Familiar     Summ           6%         N/A       58%         3
 Portal Projectile        Hex/Tloc       12%        N/A       58%         3
 Haunt                    Necr/Summ      14%        N/A       100%        7
 Borgnjor's Revivificati  Necr           25%        N/A       100%        8
 Infestation              Necr           25%        N/A       100%        8
 Necromutation            Tmut/Necr      14%        N/A       100%        8
 Death's Door             Necr           25%        N/A       100%        9
 Animate Dead             Necr           Unusable   N/A       N/A         4
 Simulacrum               Ice/Necr       Unusable   N/A       N/A         6

Dungeon Overview and Level Annotations

Branches:
Dungeon (12/15)            Temple (1/1) D:4            Lair (0/5) D:9
    Orc (2/2) D:9         Ossuary (visited)
    Elf: Orc:2

Altars:
Ashenzari
Cheibriados
Dithmenos
Elyvilon
Fedhas
Gozag
Hepliaklqana
Kikubaaqudgha
Makhleb
Nemelex Xobeh
Okawaru
Qazlal
Ru
Sif Muna
Trog
Uskayaw
Vehumet
Wu Jian
Xom
Yredelemnul
Zin
The Shining One

Shops:
D:5 !(   D:7 :   Orc:1 =

Annotations:
D:9 Erolcha
D:12 1 runed translucent door
Orc:2 Donald


Innate Abilities, Weirdness & Mutations

You cannot be hasted, slowed, berserked, paralysed or teleported.
You can dig through walls and to a lower floor.
You have a pair of large antennae on your head. (SInv)
Your four strong arms can wield two-handed weapons with a shield.
You are frail. (-10% HP)


Message History

The freezing wraith freezes you!
The freezing wraith hits you but does no damage.
You puncture the freezing wraith! You burn the freezing wraith.
The freezing wraith is heavily damaged.
The freezing wraith hits you. The freezing wraith freezes you!
You block the freezing wraith's attack.
The deep elf pyromancer is poisoned.
Casting: Borgnjor's Vile Clutch (dangerous; 4% risk of failure)
Confirm with . or Enter, or press ? or * to list all spells.
Aiming: Dispel Undead (dangerous; 1% risk of failure)
Press: ? - help, Shift-Dir - straight line, f - freezing wraith
Aim: a freezing wraith (heavily damaged, 100% to hit)
Kikubaaqudgha does not allow the disloyal to dabble in death!
Strange energies run through your body.
You feel drained.
The freezing wraith is dispelled!
The freezing wraith closely misses you. You block the freezing wraith's attack.
You hit the freezing wraith. You burn the freezing wraith.
The freezing wraith is almost destroyed.
The boggart casts a spell.
The boggart blinks!
The freezing wraith hits you but does no damage. x2
An acid dragon comes into view.
The deep elf pyromancer mumbles some strange words.
The deep elf pyromancer blinks!
The boggart mumbles some strange words.
The acid dragon roars!
You hit the freezing wraith. You burn the freezing wraith.
The freezing wraith is almost destroyed.
The freezing wraith hits you. The freezing wraith freezes you!!
The freezing wraith misses you. The freezing wraith hits you.
You die...
Your body crumbles into a pile of gold.

+# #. ##
##.#. #.○°#
#..°##
#.#+#.#
#.#☼#.## {
#.##.##.# {
#.#...#@#{
{
.##...##WW#
{ $#$...$


uxW# .###? W9g.○ .. ○W..#.# ## ○..° .# ...°. ° .○°... You could see a green ugly
thing (summoned), a freezing wraith, an unseen horror (invisible), a wraith
(summoned), a gargoyle (summoned), 3 shadows and a boggart (invisible,
poisoned).

Vanquished Creatures
  Snorg (D:10)
  2 boulder beetles
  A two-headed ogre (D:9)
  An orc knight (Orc:1)
  An ugly thing (D:11)
  A cyclops (D:11)
  2 orc sorcerers
  Maurice (D:8)
  A komodo dragon (D:10)
  An unseen horror (D:12)
  An efreet (D:12)
  4 trolls
  A shadow (D:11)
  Sigmund (D:4)
  5 wraiths
  2 vampires (D:11)
  5 wyverns
  Grum (D:8)
  4 yaks (D:10)
  6 steam dragons
  2 vampire mosquitoes (D:12)
  2 wargs (Orc:1)
  2 acid dragons
  3 water moccasins
  15 orc warriors
  4 black bears
  3 ice beasts
  8 ogres
  A sky beast (D:7)
  4 wolves (D:8)
  A centaur (D:11)
  3 phantoms
  4 bullfrogs
  A kobold brigand (D:6)
  5 gnoll sergeants
  12 scorpions
  4 wights (D:8)
  5 killer bees (D:11)
  2 howler monkeys (D:9)
  2 hounds (D:6)
  3 jellies
  5 centaur zombies
  2 gnoll boudas
  10 orc priests
  Terence (D:3)
  4 scorpion zombies (Ossuary)
  Natasha (thrice) (D:2 D:3)
  6 iguanas
  11 orc wizards
  3 mummies (Ossuary)
  A howler monkey zombie (D:11)
  24 gnolls
  11 adders
  9 river rats (D:4)
  3 white imps
  2 ufetubi
  4 dart slugs
  60 orcs
  5 bats
  11 endoplasms
  2 giant cockroaches
  2 gnoll zombies (Ossuary)
  10 hobgoblins
  8 jackals
  8 kobolds
  4 quokkas
  7 ball pythons
  3 frilled lizards (D:2)
  9 goblins
  4 goblin zombies (Ossuary)
  6 hobgoblin zombies (Ossuary)
  3 kobold zombies (Ossuary)
  An orc zombie (Ossuary)
  18 rats
388 creatures vanquished.

Vanquished Creatures (collateral kills)
  A wyvern (Orc:1)
  An ogre (Orc:1)
  An orc wizard (Orc:1)
  A gnoll (Orc:1)
4 creatures vanquished.

Vanquished Creatures (others)
  5 fungi
  48 plants
53 creatures vanquished.

Grand Total: 445 creatures vanquished

Notes
Turn   | Place    | Note
-------+----------+-------------------------------------------
     0 | D:1      | DildoBatman the Formicid Conjurer began the quest for the
                  | Orb.
     0 | D:1      | Reached XP level 1. HP: 13/13 MP: 3/3
    28 | D:1      | You fall into a shaft and drop 1 floor!
   226 | D:2      | Found a white marble altar of Elyvilon.
   414 | D:1      | Reached XP level 2. HP: 19/19 MP: 3/5
   581 | D:1      | Learned a level 2 spell: Searing Ray
   804 | D:1      | Reached XP level 3. HP: 24/24 MP: 4/6
  1130 | D:1      | Found a faded altar of an unknown god.
  1506 | D:2      | Reached XP level 4. HP: 30/30 MP: 5/7
  1560 | D:2      | Reached skill level 5 in Conjurations
  1921 | D:2      | You fall into a shaft and drop 2 floors!
  1993 | D:4      | Found a shimmering altar of Xom.
  2057 | D:4      | Reached XP level 5. HP: 35/35 MP: 3/8
  2444 | D:4      | Found a staircase to the Ecumenical Temple.
  2489 | Temple   | Entered the Ecumenical Temple
  2544 | D:3      | Identified the +7 short sword "Ukhlu" {flame, Dex+3}
  2552 | D:3      | Noticed Terence
  2612 | D:3      | Reached XP level 6. HP: 42/42 MP: 9/9
  2680 | D:3      | Found an ancient bone altar of Kikubaaqudgha.
  2680 | D:3      | Noticed Natasha
  2748 | D:3      | Became a worshipper of Kikubaaqudgha
  2884 | D:2      | Reached skill level 1 in Armour
  3059 | D:2      | Reached skill level 1 in Fighting
  3198 | D:2      | Killed Natasha
  3254 | D:2      | Noticed Natasha
  3270 | D:3      | Killed Natasha
  3278 | D:3      | Noticed Natasha
  3281 | D:3      | Killed Natasha
  3282 | D:3      | Reached skill level 1 in Short Blades
  3570 | D:3      | Killed Terence
  3632 | D:3      | Found a sparkling altar of Nemelex Xobeh.
  3647 | D:4      | Noticed Sigmund
  3654 | D:4      | Killed Sigmund
  3655 | D:4      | Reached XP level 7. HP: 34/51 MP: 3/11
  4135 | D:5      | Entered Level 5 of the Dungeon
  4185 | D:5      | Found a bloodstained altar of Trog.
  4323 | D:5      | Found Xoutiema's Distillery.
  4360 | D:5      | Found Feeshete's Antique Weapon Shop.
  4619 | D:5      | Reached XP level 8. HP: 50/58 MP: 4/15
  4872 | D:5      | Found an ornate altar of the Wu Jian Council.
  4974 | D:5      | Reached skill level 5 in Spellcasting
  5174 | D:6      | Reached * piety under Kikubaaqudgha
  5174 | D:6      | Received a gift from Kikubaaqudgha
  5179 | D:6      | Learned a level 3 spell: Vampiric Draining
  5345 | D:6      | Reached skill level 1 in Necromancy
  5418 | D:6      | Found a sand-covered staircase.
  5427 | Ossuary  | Entered an ossuary
  5635 | Ossuary  | Reached XP level 9. HP: 62/63 MP: 13/19
  5758 | Ossuary  | Reached skill level 5 in Necromancy
  5815 | Ossuary  | Reached ** piety under Kikubaaqudgha
  6359 | D:6      | Reached XP level 10. HP: 36/70 MP: 6/20
  6635 | D:6      | Reached *** piety under Kikubaaqudgha
  6635 | D:6      | Received a gift from Kikubaaqudgha
  6642 | D:6      | Learned a level 5 spell: Borgnjor's Vile Clutch
  6647 | D:6      | Learned a level 4 spell: Dispel Undead
  6673 | D:6      | Found a glowing golden altar of the Shining One.
  6762 | D:5      | Bought a potion of mutation for 96 gold pieces
  6762 | D:5      | Bought a potion of heal wounds for 60 gold pieces
  6797 | D:7      | Reached skill level 1 in Earth Magic
  6911 | D:7      | Found a shimmering blue altar of Sif Muna.
  6941 | D:7      | Found a shadowy altar of Dithmenos.
  6962 | D:7      | Found Batimor's Vocational Training.
  7126 | D:7      | Reached skill level 5 in Earth Magic
  7406 | D:7      | Found a snail-covered altar of Cheibriados.
  7568 | D:8      | Found an opulent altar of Gozag.
  7588 | D:8      | Noticed a boulder beetle
  7607 | D:8      | Killed a boulder beetle
  7962 | D:8      | Found a stormy altar of Qazlal.
  7978 | D:8      | Noticed Maurice
  7985 | D:8      | Killed Maurice
  8150 | D:8      | Noticed Grum
  8155 | D:8      | Reached **** piety under Kikubaaqudgha
  8158 | D:8      | Killed Grum
  8404 | D:9      | Noticed a two-headed ogre
  8414 | D:9      | Reached XP level 11. HP: 73/75 MP: 5/21
  8418 | D:9      | Killed a two-headed ogre
  8419 | D:9      | Reached skill level 10 in Earth Magic
  9117 | D:9      | Reached skill level 1 in Shields
  9178 | D:9      | Reached ***** piety under Kikubaaqudgha
  9355 | D:9      | Found a staircase to the Lair.
  9456 | D:9      | Found a staircase to the Orcish Mines.
  9456 | D:9      | Noticed Erolcha
  9494 | D:10     | Entered Level 10 of the Dungeon
  9534 | D:10     | Noticed Snorg
  9645 | Orc:1    | Entered Level 1 of the Orcish Mines
  9645 | Orc:1    | Found a bloodstained altar of Trog.
  9662 | Orc:1    | Reached skill level 5 in Shields
  9864 | Orc:1    | Found Bavvum's Jewellery Shop.
  9873 | Orc:1    | Noticed an orc knight
  9895 | Orc:1    | Noticed an orc sorcerer
  9896 | Orc:1    | Killed an orc knight
  9900 | Orc:1    | Killed an orc sorcerer
  9921 | Orc:1    | Reached XP level 12. HP: 58/80 MP: 1/22
 10149 | Orc:2    | Entered Level 2 of the Orcish Mines
 10212 | Orc:2    | Noticed Donald
 10498 | Orc:2    | Reached ****** piety under Kikubaaqudgha
 10501 | Orc:1    | Received a gift from Kikubaaqudgha
 10502 | Orc:1    | Fell from the grace of Kikubaaqudgha
 10699 | D:8      | Became a worshipper of Gozag Ym Sagoz the Greedy
 11272 | D:10     | Found a white marble altar of Elyvilon.
 11341 | D:10     | Found a hide-covered altar of Uskayaw.
 11532 | D:10     | Killed Snorg
 11533 | D:10     | Reached skill level 5 in Armour
 11533 | D:10     | Reached skill level 10 in Necromancy
 11596 | D:10     | Found an iron altar of Okawaru.
 11718 | D:11     | Reached skill level 5 in Fighting
 11812 | D:11     | Noticed a boulder beetle
 11838 | D:11     | Killed a boulder beetle
 11972 | D:11     | Found an ancient bone altar of Kikubaaqudgha.
 12485 | D:11     | Gained mutation: You have sharp toenails. [potion of
                  | mutation]
 12485 | D:11     | Gained mutation: You are strong-willed. (Will+) [potion of
                  | mutation]
 12486 | D:11     | Lost mutation: You have sharp toenails. [potion of
                  | mutation]
 12486 | D:11     | Lost mutation: You are strong-willed. (Will+) [potion of
                  | mutation]
 12486 | D:11     | Gained mutation: Your mind is acute. (Int +4, Str/Dex -1)
                  | [potion of mutation]
 12486 | D:11     | Gained mutation: Armour fits poorly on your strangely
                  | shaped body. [potion of mutation]
 12487 | D:11     | Lost mutation: Your mind is acute. (Int +4, Str/Dex -1)
                  | [potion of mutation]
 12487 | D:11     | Lost mutation: Armour fits poorly on your strangely shaped
                  | body. [potion of mutation]
 12487 | D:11     | Gained mutation: Your system is resistant to poisons.
                  | (rPois) [potion of mutation]
 12487 | D:11     | Gained mutation: You are agile. (Dex +4, Str/Int -1)
                  | [potion of mutation]
 12487 | D:11     | Gained mutation: You are somewhat resistant to further
                  | mutation. [potion of mutation]
 12488 | D:11     | Lost mutation: You are agile. (Dex +4, Str/Int -1) [potion
                  | of mutation]
 12488 | D:11     | Lost mutation: Your system is resistant to poisons. (rPois)
                  | [potion of mutation]
 12488 | D:11     | Lost mutation: You are somewhat resistant to further
                  | mutation. [potion of mutation]
 12488 | D:11     | Gained mutation: You are frail. (-10% HP) [potion of
                  | mutation]
 12510 | D:12     | Found a runed translucent door.
 12522 | D:12     | Reached XP level 13. HP: 62/81 MP: 13/23
 12557 | D:12     | HP: 3/81 [freezing wraith (19)]
 12557 | D:12     | Slain by a freezing wraith

Illustrated notes

Levels and vault maps discovered:
D:1:      dpeg_arrival_chambers_temple_mockup, layout_loops_ring,
          shapermc_ecumenical_altar_acropolis, serial_bayou_lagoon_a,
          minmay_misc_feat_encased
D:2:      layout_loops_corners, basic_altar, minmay_between
D:3:      wander_river, layout_rooms, mainiacjoe_overflow_catwalk,
          nemelex_diamond_rough_becter, uniq_terence, uniq_natasha
D:4:      minmay_recursive_quarters, layout_gridville, old_standard_altar,
          temple_pool_b, dk_rats_in_the_wall, uniq_sigmund
D:5:      layout_loops_ring, nzn_wu_jian_council_hall,
          mainiacjoe_overflow_paths, serial_shops, nicolae_take_the_stairs,
          shop_fountains
D:6:      minmay_opposing_rooms, layout_gridville, lemuel_tele_altar,
          enter_ossuary_1, chequers_serial_rivers_micro_d, kennysheep_boxes
D:7:      layout_loops_ring, mainiacjoe_overflow_tiny_flanked,
          kennysheep_mini_moat, mainiacjoe_overflow_24_doors,
          nicolae_shop_vocational
D:8:      layout_basic, nicolae_gozag_seed_capital,
          mainiacjoe_overflow_alcove_2, uniq_grum, uniq_maurice
D:9:      cheibrodos_steamvent, layout_cave_pools, minmay_lair_entry_grove,
          orc_david_3, serial_gnoll_camp, gnoll_camp_medium_02,
          gnoll_camp_mini_basic, gnoll_camp_mini_shop, gnoll_camp_mini_hut,
          minmay_misc_feat_secret_circle, uniq_erolcha
D:10:     layout_cave_pools, elyvilon_altar_1, mainiacjoe_overflow_boulevard,
          okawaru_trees_2, uniq_snorg
D:11:     layout_irregular_city, serial_undead, serial_undead_a,
          serial_undead_d, serial_undead_c, serial_undead_c,
          nicolae_kikubaaqudgha_miasma_corner
D:12:     minmay_the_grid_triangle_9x9_rhombus_full_mashed
          [minmay_the_grid_triangle_9x9_subtriangle,
          minmay_the_grid_triangle_9x9_minimal,
          minmay_the_grid_triangle_9x9_empty,
          minmay_the_grid_triangle_9x9_skeleton,
          minmay_the_grid_triangle_9x9_pentomino_pain,
          minmay_the_grid_triangle_9x9_zippers_horizontal,
          minmay_the_grid_triangle_9x9_fully_insulated_deathbox,
          minmay_the_grid_triangle_9x9_prize_center], layout_cave_pools,
          serial_glass, glass_columns_c, glass_columns_b, due_unseen_surprise,
          minmay_strange_pillars, minmay_strange_pillars, item_on_display_a,
          minmay_fire_ice_demons
Temple:   hellmonk_temple_micro_hex
Orc:1:    layout_caves, basic_altar, serial_shops, nicolae_shop_trees,
          statue_in_the_mist_lemuel
Orc:2:    st_orc_mages, layout_caves, uniq_donald

Skill      XL: |  1  2  3  4  5  6  7  8  9 10 11 12 |
---------------+-------------------------------------+-----
Conjurations   | 4 5 6 |  6.0
Dodging        | 2 3 |  3.4
Armour         | 2 3 5 |  5.4
Fighting       | 2 3 5 |  5.4
Short Blades   | 1 2 |  2.0
Spellcasting   | 3 4 7 |  7.2
Necromancy     | 3 8 9 12 | 12.0
Earth Magic    | 9 12 | 12.0
Shields        | 8 9 |  9.0
Stealth        | |  2.4

Action                   |  1- 3 |  4- 6 |  7- 9 | 10-12 | 13-15 || total
-------------------------+-------+-------+-------+-------+-------++-------
Melee: Unarmed           |     1 |       |       |       |       ||     1
       Short sword       |    11 |    27 |    48 |   175 |    19 ||   280
       Mace              |     8 |       |       |       |       ||     8
       Punch             |     1 |       |     2 |    11 |       ||    14
       Staff             |       |       |       |   130 |     8 ||   138
 Cast: Magic Dart        |    54 |    46 |    53 |    15 |       ||   168
       Searing Ray       |     1 |    19 |    49 |    14 |       ||    83
       Vampiric Draining |       |       |     5 |    13 |       ||    18
       Borgnjor's Vile C |       |       |       |   111 |     3 ||   114
       Dispel Undead     |       |       |       |    10 |     1 ||    11
Invok: Receive Forbidden |       |       |       |     1 |       ||     1
       Renounce Religion |       |       |       |     1 |       ||     1
 Abil: Shaft Self        |     1 |       |       |       |       ||     1
       Dig               |       |       |     3 |     3 |       ||     6
  Use: Scroll            |       |       |     3 |     7 |     1 ||    11
       Potion            |       |       |     1 |     7 |       ||     8
 Stab: Sleeping          |       |     3 |       |     2 |       ||     5
       Distracted        |       |       |       |     1 |       ||     1
Armor: Robe              |     2 |     6 |    15 |       |       ||    23
       Steam dragon scal |       |       |     5 |    66 |       ||    71
       Troll leather arm |       |       |       |   163 |    15 ||   178
Dodge: Dodged            |    24 |    30 |    55 |   343 |    11 ||   463
Block: Kite shield       |       |       |       |     6 |    27 ||    33
